 Dungeon Crawl Stone Soup version 0.16-a0-286-g6bac339 (webtiles) character file.

86 Sachiko the Grasshopper (level 4, 0/26 HPs)
             Began as a Deep Elf Warper on Aug 28, 2014.
             Slain by an adder (3 damage)
             ... on Level 2 of the Dungeon.
             The game lasted 00:06:29 (2207 turns).

Sachiko the Grasshopper (Deep Elf Warper)           Turns: 2207, Time: 00:06:30

HP   0/26        AC  4     Str  9      XL: 4   Next: 27%
MP   9/14        EV 11     Int 18      God:
Gold 58          SH  0     Dex 14      Spells:  4 memorised,  2 levels left

rFire  . . .     SeeInvis .     a - +0 short sword
rCold  . . .     Clarity  .     b - +0 leather armour
rNeg   . . .     rCorr    .     (no shield)
rPois  .         rRot     .     (no helmet)
rElec  .         Spirit   .     (no cloak)
SustAb .         Warding  .     m - +0 pair of gloves
rMut   .         Stasis   .     (no boots)
Gourm  .                        (no amulet)
MR     .....                    (no ring)
                                (no ring)

@: shrouded, not resistant to hostile enchantments, very unstealthy
A: no striking features
a: no special abilities


You were on level 2 of the Dungeon.
You were not hungry.

You visited 1 branch of the dungeon, and saw 2 of its levels.

You collected 58 gold pieces.

Inventory:

Hand weapons
 a - a +0 short sword (weapon)
Missiles
 e - a tomahawk of dispersal (quivered)
Armour
 b - a +0 leather armour (worn)
 m - a +0 pair of gloves (worn)
Comestibles
 f - 2 bread rations
 g - a meat ration
 j - a beef jerky
 l - a rotting chunk of gnoll flesh
Scrolls
 d - a scroll of remove curse
Potions
 h - a potion of restore abilities
 i - 3 potions of curing
 k - a potion of agility
 n - a potion of brilliance {unknown}
Books
 c - a book of Spatial Translocations

   Spells                             Type                      Level
   *Apportation                       Translocation                1
   *Blink                             Translocation                2
   *Shroud of Golubria                Charms/Translocation         2
   Portal Projectile                  Translocation                3
   *Teleport Other                    Translocation                3
   Passage of Golubria                Translocation                4


   Skills:
 + Level 2.1 Fighting
 + Level 2.9 Short Blades
 - Level 1.1 Throwing
 - Level 0.7 Armour
 - Level 2.4 Dodging
 + Level 3.6 Spellcasting
 + Level 0.4 Charms
 + Level 4.2 Translocations


You had 2 spell levels left.
You knew the following spells:

 Your Spells              Type           Power        Failure   Level  Hunger
a - Apportation           Tloc           ###.......   2%          1    None
b - Blink                 Tloc           N/A          4%          2    ##.....
c - Shroud of Golubria    Chrm/Tloc      ##........   12%         2    ##.....
d - Teleport Other        Tloc           ###.....     10%         3    ###....


Dungeon Overview and Level Annotations

Branches:
Dungeon (2/15)

Altars:


Message History

Your attempt to break free from the ball python fails, but you feel that another attempt might succeed.
The adder bites you. The ball python closely misses you.
* * * LOW HITPOINT WARNING * * *
The ball python constricts you.
You escape the ball python's grasp.
The adder closely misses you.
There is a stone staircase leading down here.
The adder bites you.
* * * LOW HITPOINT WARNING * * *
Casting: Shroud of Golubria
Confirm with . or Enter, or press ? or * to list all spells.
Aiming: Teleport Other
Press: ? - help, Shift-Dir - straight line, f - adder
Aim: an adder (lightly wounded)
The adder looks slightly unstable.
The adder bites you.
* * * LOW HITPOINT WARNING * * *
Casting: Teleport Other
Confirm with . or Enter, or press ? or * to list all spells.
Space distorts slightly along a thin shroud covering your body.
The adder bites you.
You die...

..))...#.##.####.#
######.#.##.# #.#
######'#.##.#* #.#
.........##..* #.#
.).......###.**#.#
.........# *..*#.#
........)# *#.*#.#
######+#.# #.##.#
###***,#.# #..#@#
....,,,..# *#.#S#**####***
#.##**,### #..S#*,l....,*
#.#***,*#######..#*......,*
*,.,,,,*........>##......,*
*******,........>.....%...*
,,,,,,,,............$.....*
*******,,...............$.*
*,,................,*


You could see an adder and a ball python.

Vanquished Creatures
  3 gnolls (D:2)
  2 adders (D:2)
  A giant mite (D:1)
  A ball python (D:1)
  7 bats
  3 hobgoblins
  4 jackals (D:1)
  A quokka (D:2)
  A giant cockroach (D:1)
  3 giant newts
  2 goblins (D:1)
  4 kobolds
  6 rats
38 creatures vanquished.

Notes
Turn   | Place    | Note
--------------------------------------------------------------
     0 | D:1      | Sachiko, the Deep Elf Warper, began the quest for the Orb.
     0 | D:1      | Reached XP level 1. HP: 12/12 MP: 5/5
   110 | D:1      | Reached XP level 2. HP: 14/17 MP: 8/8
   939 | D:1      | Reached skill level 4 in Translocations
   953 | D:1      | Learned a level 2 spell: Blink
   956 | D:1      | Learned a level 2 spell: Shroud of Golubria
  1087 | D:1      | Reached XP level 3. HP: 19/21 MP: 11/11
  1573 | D:2      | Learned a level 3 spell: Teleport Other
  1921 | D:2      | Reached XP level 4. HP: 4/26 MP: 10/13
  2207 | D:2      | Slain by an adder

Action                   |  1- 3 |  4- 6 || total
-------------------------+-------+-------++-------
Melee: Short sword       |   148 |    19 ||   167
Throw: Tomahawk          |     4 |       ||     4
 Cast: Shroud of Golubri |     4 |     1 ||     5
       Teleport Other    |     1 |     1 ||     2
  Use: Scroll            |     5 |     1 ||     6
       Potion            |     3 |       ||     3
  Eat: Chunk             |     2 |     3 ||     5
